 Dungeon Crawl Stone Soup version 0.29-a0-234-g0dae59b3db (webtiles) character file.

Game seed: 858098960648482242

48020 esteth the Battlemage (level 14, -1/108 HPs)
             Began as a Gnoll Wanderer on Mar 3, 2022.
             Was an Elder of Vehumet.
             Slain by a rime drake (4 damage)
             ... on level 6 of the Lair of Beasts.
             The game lasted 00:50:22 (26155 turns).

esteth the Battlemage (Gnoll Wanderer)             Turns: 26155, Time: 00:50:22

Health: -1/108     AC: 15    Str: 17    XL:     14   Next: 44%
Magic:  27/27      EV: 16    Int: 23    God:    Vehumet [****..]
Gold:   1077       SH:  0    Dex: 17    Spells: 15/32 levels left

rFire   + . .      SeeInvis .   p - +10 fustibalus of Cocytus {venom, rPois}
rCold   . . .      Faith    .   (no shield)
rNeg    . . .      Spirit   .   s - +5 ring mail of a Gauntlet {rF+ Will+ rCorr Str+5}
rPois   +          Reflect  .   (no helmet)
rElec   .          Harm     .   W - scarf {repulsion}
rCorr   +          Rampage  .   z - +2 pair of gloves
Will    ++...                   (no boots)
Stlth   +.........              A - amulet of the acrobat
HPRegen 0.28/turn               D - +6 ring of dexterity
MPRegen 0.20/turn               I - +6 ring of intelligence

@: confused, ambrosia-drunk, frozen, repel missiles, very slow
A: fangs 1, strong nose, distributed training
a: Renounce Religion


You were on level 6 of the Lair of Beasts.
You worshipped Vehumet.
Vehumet was greatly pleased with you.
You visited 2 branches of the dungeon, and saw 18 of its levels.

You collected 1269 gold pieces.
You spent 192 gold pieces at shops.


Innate Abilities, Weirdness & Mutations

You have very sharp teeth.
Your uncanny sense of smell can sniff out nearby items.
Your experience applies equally to all skills.


   Skills:
 + Level 9.2 Fighting
 + Level 9.2 Short Blades
 + Level 9.2 Long Blades
 + Level 9.2 Axes
 + Level 9.2 Maces & Flails
 + Level 9.2 Polearms
 + Level 9.2 Staves
 + Level 9.2 Slings
 + Level 9.2 Bows
 + Level 9.2 Crossbows
 + Level 9.6 Throwing
 + Level 9.2 Armour
 + Level 9.6 Dodging
 + Level 9.5 Stealth
 + Level 9.2 Shields
 + Level 9.2 Unarmed Combat
 + Level 9.7 Spellcasting
 + Level 9.5 Conjurations
 + Level 7.7 Hexes
 + Level 7.7 Summonings
 + Level 7.7 Necromancy
 + Level 7.7 Translocations
 + Level 7.7 Transmutations
 + Level 7.7 Fire Magic
 + Level 8.0 Ice Magic
 + Level 7.7 Air Magic
 + Level 7.7 Earth Magic
 + Level 7.7 Poison Magic
 + Level 10.4 Invocations
 + Level 9.6 Evocations


You had 15 spell levels left.
You knew the following spells:

 Your Spells              Type           Power      Damage    Failure   Level
b - Borgnjor's Vile Clut  Necr/Erth      23%        N/A       11%         5
e - Eringya's Noxious Bo  Tmut/Pois      23%        N/A       16%         6
f - Fireball              Conj/Fire      25%        3d11      2%          5
m - Magic Dart            Conj           100%       1d8       1%          1

Your spell library contained the following spells:

 Spells                   Type           Power      Damage    Failure   Level
 Conjure Ball Lightning   Conj/Air       25%        3x3d7     11%         6
 Beastly Appendage        Tmut           92%        N/A       1%          1
 Freeze                   Ice            100%       1d11      1%          1
 Shock                    Conj/Air       100%       1d9       1%          1
 Ensorcelled Hibernation  Hex/Ice        94%        N/A       1%          2
 Passwall                 Tmut/Erth      38%        N/A       1%          2
 Wereblood                Tmut           46%        N/A       1%          2
 Dazzling Flash           Conj/Hex       100%       N/A       1%          3
 Frozen Ramparts          Ice            96%        1d11      1%          3
 Gell's Gravitas          Tloc           46%        N/A       1%          3
 Ignite Poison            Fire/Tmut/Pois 46%        N/A       1%          3
 Inner Flame              Hex/Fire       46%        N/A       1%          3
 Lesser Beckoning         Tloc           46%        N/A       1%          3
 Mephitic Cloud           Conj/Pois/Air  49%        N/A       1%          3
 Ozocubu's Armour         Ice            48%        N/A       1%          3
 Spider Form              Tmut/Pois      46%        N/A       1%          3
 Stone Arrow              Conj/Erth      100%       3d13      1%          3
 Swiftness                Air            46%        N/A       1%          3
 Teleport Other           Tloc           46%        N/A       1%          3
 Hailstorm                Conj/Ice       51%        3d11      1%          4
 Iskenderun's Mystic Bla  Conj/Tloc      50%        2d11      1%          4
 Sticky Flame             Conj/Fire      50%        2d7       1%          4
 Freezing Cloud           Conj/Ice/Air   25%        6-21      2%          5
 Cause Fear               Hex            23%        N/A       4%          4
 Alistair's Intoxication  Tmut/Pois      30%        N/A       11%         5
 Iron Shot                Conj/Erth      25%        9d5       11%         6
 Starburst                Conj/Fire      25%        6d8       11%         6
 Discord                  Hex            23%        N/A       100%        8

Inventory:

Hand Weapons
 e - a +2 vampiric rapier
   (You found it on level 1 of the Dungeon)
 p - the +10 fustibalus of Cocytus (weapon) {venom, rPois}
   (You found it on level 9 of the Dungeon)

   Any ammunition fired from it poisons the flesh of those it strikes.
   rPois:     It protects you from poison.
 S - the +9 hand axe of Contention {vorpal, Str+4}
   (You found it on level 10 of the Dungeon)

   It inflicts extra damage upon your enemies.
   Str:       It affects your strength (+4).
Missiles
 g - 8 javelins
 k - 3 throwing nets {=f!f}
 x - 8 curare-tipped darts {=f}
Armour
 s - the +5 ring mail of a Gauntlet (worn) {rF+ Will+ rCorr Str+5}
   (You took it off a hobgoblin on level 2 of the Dungeon)

   Str:       It affects your strength (+5).
   rF:        It protects you from fire.
   rCorr:     It protects you from acid and corrosion.
   Will:      It increases your willpower.
 z - a +2 pair of gloves (worn)
   (You found it on level 5 of the Dungeon)
 C - a +0 leather armour
   (You took it off a meliai on level 4 of the Lair of Beasts)
 O - +0 acid dragon scales
   (You found it on level 10 of the Dungeon)
 Q - a +3 ring mail of fire resistance
   (You found it on level 4 of the Lair of Beasts)
 W - a scarf of repulsion (worn)
   (You bought it in a shop on level 7 of the Dungeon)
Jewellery
 A - an amulet of the acrobat (around neck)
   (You found it on level 11 of the Dungeon)
 D - a +6 ring of dexterity (left hand)
   (You found it on level 6 of the Dungeon)
 E - a +4 ring of evasion
   (You found it on level 6 of the Dungeon)
 F - a ring of fire
   (You found it on level 5 of the Lair of Beasts)
 G - an amulet of guardian spirit
   (You found it on level 8 of the Dungeon)
 I - a +6 ring of intelligence (right hand)
   (You found it on level 9 of the Dungeon)
 R - a ring of resist corrosion
   (You found it on level 1 of the Lair of Beasts)
Wands
 a - a wand of iceblast (15)
   (You found it on level 5 of the Dungeon)
 f - a wand of polymorph (16)
   (You found it on level 7 of the Dungeon)
 m - a wand of paralysis (8)
   (You took it off Erica on level 8 of the Dungeon)
 y - a wand of digging (6)
   (You took it off Ijyb on level 3 of the Dungeon)
 J - a wand of flame (31)
   (You found it on level 5 of the Dungeon)
 K - a wand of mindburst (9)
   (You found it on level 7 of the Dungeon)
 V - a wand of charming (7)
   (You found it on level 7 of the Dungeon)
Scrolls
 b - 3 scrolls of magic mapping {!r}
 d - a scroll of silence {!r}
 h - 6 scrolls of vulnerability {!r!r}
 j - 3 scrolls of identify {@r1}
 l - 7 scrolls of immolation {!r!r}
 n - 4 scrolls of enchant weapon
 q - 2 scrolls of amnesia
 M - a scroll of brand weapon
 N - 7 scrolls of teleportation {@r4}
 P - 2 scrolls of summoning
Potions
 i - 2 potions of resistance
 o - 3 potions of lignification {unknown}
 r - 2 potions of heal wounds {unknown}
 t - 3 potions of curing {unknown}
 u - 3 potions of berserk rage {!q}
 v - 4 potions of attraction {!q}
 w - 5 potions of mutation {unknown}
 B - 3 potions of ambrosia
 H - a potion of flight
 L - 2 potions of might
 T - a potion of invisibility {unknown}
 U - 2 potions of magic {unknown}
 X - 3 potions of brilliance
 Y - a potion of cancellation {unknown}
Miscellaneous
 c - a piece from Xom's chessboard (15/15)

Dungeon Overview and Level Annotations

Branches:
Dungeon (12/15)            Temple (0/1) D:6            Lair (6/6) D:8
  Swamp (0/4) Lair:4        Snake (0/4) Lair:4        Slime (0/5) Lair:5
    Orc: D:9-12

Altars:
Ashenzari
Dithmenos
Vehumet
Jiyva

Shops:
D:7 *   D:11 (

Annotations:
D:3 Sigmund
D:4 exclusion: downstairs
D:7 1 runed translucent door, Crazy Yiuf
Lair:2 exclusion: downstairs
Lair:5 1 runed translucent door, exclusion: downstairs

.#.........P#P......PP
#..................P.#
.....##P..#.#.#.#.##.## #
#........##..#..P.PP.P# ..
#.....# #........PP..## ...
......##.........<...PP##..P#
.......#.......≈≈......P.....
.l...≈≈.≈...≈≈≈†kl≈..†.≈.....
÷.÷...≈#≈≈≈#≈≈##@k##≈≈##≈≈##≈
$....≈P#≈≈≈#≈ ##Fh#≈≈≈##≈≈##≈
......≈≈≈≈.≈≈ ≈≈≈≈≈≈≈≈≈≈≈≈≈≈≈
..kk<≈.≈≈≈#≈≈##≈≈≈#≈≈≈##≈.≈≈.
.P....≈≈≈≈P≈≈≈≈≈≈≈≈≈≈≈≈# ≈##.
......##≈P#≈#≈#≈8.≈#≈#≈# #
.....≈. ≈≈# ≈≈≈≈≈≈≈≈≈≈8#
.#..:.≈≈ P# ###≈≈P≈#####
##....#≈≈≈# ≈≈≈≈≈


You could see a polar bear, a komodo dragon, a cane toad and 2 rime drakes.


Message History

Aiming: Borgnjor's Vile Clutch (dangerous; 11% risk of failure)
Press: ? - help, Shift-Dir - straight line, f - steam dragon
Aim: a steam dragon (100% to hit)
Zombie hands grab the steam dragon.
The zombie hands constrict the steam dragon.
A cane toad comes into view.
The rime drake breathes ice at you. The flash freeze misses you.
The water moccasin completely misses you.
The rime drake barely misses you. The steam dragon misses you.
The steam dragon closely misses you. 😮 MP[-5]
You lost 5 mp, and now have 22/27 mp.
Fire: p) +10 fustibalus of Cocytus {venom, rPois}
Press: ? - help, Shift-Dir - straight line, f - water moccasin, p - steam dragon
Aim: a water moccasin (almost dead, 60% to hit)
You shoot a sling bullet.
The sling bullet completely misses the water moccasin.
The sling bullet hits the plant!
The plant begins to die.
The zombie hands constrict the steam dragon.
The water moccasin bites you but does no damage.
The rime drake barely misses you. The rime drake breathes ice at you.
The flash freeze is repelled.
The flash freeze hits the plant!!
The plant begins to die.
The plant is flash-frozen.
The polar bear barely misses you. The polar bear misses you.
The polar bear claws you but does no damage.
The steam dragon misses you. The steam dragon barely misses you.
The water moccasin misses you. The rime drake barely misses you.
Fire: p) +10 fustibalus of Cocytus {venom, rPois}
Press: ? - help, Shift-Dir - straight line, f/p - water moccasin
Aim: a water moccasin (almost dead, 60% to hit)
You shoot a sling bullet.
The sling bullet barely misses the water moccasin.
The sling bullet hits the plant!
The zombie hands constrict the steam dragon.
A nearby plant withers and dies.
The rime drake bites you but does no damage.
The water moccasin misses you. The rime drake bites you.
The polar bear bites you but does no damage.
The polar bear barely misses you. The polar bear misses you.
The steam dragon bites you but does no damage.
The steam dragon completely misses you. The rime drake closely misses you.
Fire: p) +10 fustibalus of Cocytus {venom, rPois}
Press: ? - help, Shift-Dir - straight line, f/p - water moccasin
Aim: a water moccasin (almost dead, 60% to hit)
You shoot a sling bullet.
The sling bullet barely misses the water moccasin.
The zombie hands constrict the steam dragon.
The plant is no longer encased in ice.
The water moccasin bites you.
* * * LOW HITPOINT WARNING * * *
The rime drake barely misses you. The rime drake breathes ice at you.
The flash freeze is repelled.
The flash freeze hits the plant!
The plant is flash-frozen.
The polar bear bites you but does no damage.
The polar bear misses you. The polar bear barely misses you.
The steam dragon bites you.
* * * LOW HITPOINT WARNING * * *
The steam dragon closely misses you.
The water moccasin bites you but does no damage. 😨 HP[-8]
You take 8 damage, and now have 47/108 hp.
Fire: p) +10 fustibalus of Cocytus {venom, rPois}
Press: ? - help, Shift-Dir - straight line, f/p - water moccasin
Aim: a water moccasin (almost dead, 60% to hit)
You shoot a sling bullet.
The sling bullet hits the water moccasin.
You kill the water moccasin!
Vehumet accepts your kill.
You feel your power returning.
The zombie hands constrict the steam dragon!!
You kill the steam dragon!
Vehumet accepts your kill.
You feel your power returning. The rime drake barely misses you.
The rime drake breathes ice at you. The flash freeze hits you!
* * * LOW HITPOINT WARNING * * *
You are encased in ice.
The polar bear bites you but does no damage.
The polar bear claws you but does no damage.
The polar bear misses you. The rime drake barely misses you.
The rime drake completely misses you. The komodo dragon bites you!!
* * * LOW HITPOINT WARNING * * *
😱 HP[-41] MP[+4]
You take 41 damage, and now have 6/108 hp.
MASSIVE DAMAGE!! (PAUSE)
You regained 4 mp, and now have 26/27 mp.
Okay, then.
Okay, then.
Okay, then.
Okay, then.
It was a potion of ambrosia.
You are confused.
You feel invigorated.
A nearby plant withers and dies.
The polar bear bites you!
* * * LOW HITPOINT WARNING * * *
The polar bear barely misses you. The polar bear closely misses you.
The rime drake barely misses you. The rime drake bites you.
You die...

Skill      XL: |  1  2  3  4  5  6  7  8  9 10 11 12 13 14 |
---------------+-------------------------------------------+-----
Ice Magic      | 2 3 4 5 6 7 8 |  8.0
Fighting       | 1 2 3 4 5 6 7 8 9 |  9.2
Short Blades   | 1 2 3 4 5 6 7 8 9 |  9.2
Long Blades    | 1 2 3 4 5 6 7 8 9 |  9.2
Axes           | 1 2 3 4 5 6 7 8 9 |  9.2
Maces & Flails | 1 2 3 4 5 6 7 8 9 |  9.2
Polearms       | 1 2 3 4 5 6 7 8 9 |  9.2
Staves         | 1 2 3 4 5 6 7 8 9 |  9.2
Slings         | 1 2 3 4 5 6 7 8 9 |  9.2
Bows           | 1 2 3 4 5 6 7 8 9 |  9.2
Crossbows      | 1 2 3 4 5 6 7 8 9 |  9.2
Armour         | 1 2 3 4 5 6 7 8 9 |  9.2
Shields        | 1 2 3 4 5 6 7 8 9 |  9.2
Unarmed Combat | 1 2 3 4 5 6 7 8 9 |  9.2
Spellcasting   | 3 4 5 6 7 8 9 |  9.7
Hexes          | 1 2 3 4 5 6 7 |  7.7
Summonings     | 1 2 3 4 5 6 7 |  7.7
Necromancy     | 1 2 3 4 5 6 7 |  7.7
Translocations | 1 2 3 4 5 6 7 |  7.7
Transmutations | 1 2 3 4 5 6 7 |  7.7
Fire Magic     | 1 2 3 4 5 6 7 |  7.7
Air Magic      | 1 2 3 4 5 6 7 |  7.7
Earth Magic    | 1 2 3 4 5 6 7 |  7.7
Poison Magic   | 1 2 3 4 5 6 7 |  7.7
Invocations    | 3 4 5 6 8 9 10 | 10.4
Throwing       | 3 4 5 6 7 8 9 |  9.6
Dodging        | 3 4 5 6 7 8 9 |  9.6
Evocations     | 3 4 5 6 7 8 9 |  9.6
Stealth        | 3 4 5 6 7 8 9 |  9.5
Conjurations   | 6 7 8 9 |  9.5

Action                   |  1- 3 |  4- 6 |  7- 9 | 10-12 | 13-15 || total
-------------------------+-------+-------+-------+-------+-------++-------
Melee: Rapier            |    25 |    60 |   227 |   174 |       ||   486
       Bite              |     2 |     4 |    32 |    23 |     1 ||    62
       Punch             |       |     2 |     5 |     6 |       ||    13
       Fustibalus        |       |       |       |       |     1 ||     1
 Fire: Fustibalus        |       |       |       |   366 |   526 ||   892
 Cast: Magic Dart        |    49 |   118 |    77 |     2 |       ||   246
       Borgnjor's Vile C |       |       |       |       |    34 ||    34
       Fireball          |       |       |       |       |     3 ||     3
       Eringya's Noxious |       |       |       |       |     1 ||     1
Evoke: Wand              |       |       |     4 |    15 |       ||    19
  Use: Scroll            |       |       |    10 |    12 |     4 ||    26
       Potion            |       |       |     3 |     1 |     1 ||     5
 Stab: Sleeping          |     1 |       |     3 |       |       ||     4
Armor: Robe              |     8 |     2 |       |       |       ||    10
       Ring mail         |       |    22 |    62 |   210 |   192 ||   486
Dodge: Dodged            |    18 |    39 |   164 |   426 |   438 ||  1085
       Repelled          |       |       |       |     7 |    13 ||    20

Levels and vault maps discovered:
D:1:      dpeg_arrival_pits, layout_loops_corners,
          shapermc_ecumenical_altar_starsandcircs
D:2:      layout_basic, minmay_statues_item
D:3:      layout_basic, gup_sewer_entry_pipe, minmay_quadrilaterals,
          uniq_terence, uniq_ijyb, uniq_sigmund
D:4:      layout_basic
D:5:      layout_loops_ring, minivault_1, grunt_decor_fettered
D:6:      layout_loops_ring, minmay_temple_entry_large_hall
D:7:      layout_basic, serial_corexii_hall, corexii_hall_statues_i,
          chequers_hall_statues_wall_a, minmay_misc_feat_roman,
          nicolae_shop_sticking_my_neck_out, uniq_crazy_yiuf_cottage
D:8:      minmay_four_partial_circles, layout_loops_ring,
          ashenzari_conservatory_becter, erik_lair_island,
          kennysheep_generic_room_7, uniq_joseph, uniq_erica, uniq_maurice
D:9:      layout_gridville, minmay_misc_feat_enclosed
D:10:     layout_roguey, minmay_stone_trees_medium
D:11:     layout_gridville, serial_shops, shop_coins
D:12:     minmay_the_grid_octo_triangle [minmay_the_grid_octo_chip,
          minmay_the_grid_octo_prize_square_snowflake, minmay_the_grid_octo_77],
          layout_rooms, kennysheep_slug_shrine
Lair:1:   layout_cave_pods
Lair:2:   layout_chaotic_city, grunt_megastairs_5, infiniplex_staircase_pool
Lair:3:   layout_chaotic_city, grunt_megastairs_3
Lair:4:   regret_index_wax_grids, layout_regular_city, swamp_mist,
          minmay_snake_entry_spellcaster, minmay_lair_drake_nest
Lair:5:   layout_gridlike, slime_altar_2, basic_altar
Lair:6:   gammafunk_lair_ancient_temple, layout_loops_ring,
          chequers_serial_rivers_room_b

Notes
Turn   | Place    | Note
-------+----------+-------------------------------------------
     0 | D:1      | esteth the Gnoll Wanderer began the quest for the Orb.
     0 | D:1      | esteth set off with the following items: a +0 club, a +0
                  | robe, a piece from Xom's chessboard (15/15); and the
                  | following spells available to memorise: Shock, Freeze,
                  | Dazzling Flash, Stone Arrow, Ozocubu's Armour
     0 | D:1      | Reached XP level 1. HP: 13/13 MP: 4/4
     0 | D:1      | magus.rc [v1.11.3]
   105 | D:1      | Found a faded altar of an unknown god.
   138 | D:1      | Prayed at the altar of an unknown god.
   138 | D:1      | Became a worshipper of Vehumet
   138 | D:1      | Reached * piety under Vehumet
   138 | D:1      | Offered knowledge of Magic Dart by Vehumet.
   189 | D:1      | You pick up a book of Burglary and begin reading...
   189 | D:1      | You add the spells Passwall, Ensorcelled Hibernation and
                  | Swiftness to your library.
   192 | D:1      | Learned a level 1 spell: Magic Dart
   217 | D:1      | Reached skill level 2 in Ice Magic
   348 | D:1      | Reached XP level 2. HP: 19/19 MP: 3/5
   572 | D:1      | You pick up a book of Displacement and begin reading...
   572 | D:1      | You add the spells Lesser Beckoning, Gell's Gravitas and
                  | Teleport Other to your library.
   682 | D:1      | Reached XP level 3. HP: 25/25 MP: 1/7
   919 | D:1      | Offered knowledge of Poisonous Vapours by Vehumet.
   930 | D:1      | Reached ** piety under Vehumet
  1423 | D:2      | Reached skill level 1 in Fighting
  1423 | D:2      | Reached skill level 1 in Short Blades
  1423 | D:2      | Reached skill level 1 in Long Blades
  1423 | D:2      | Reached skill level 1 in Axes
  1423 | D:2      | Reached skill level 1 in Maces & Flails
  1423 | D:2      | Reached skill level 1 in Polearms
  1423 | D:2      | Reached skill level 1 in Staves
  1423 | D:2      | Reached skill level 1 in Slings
  1423 | D:2      | Reached skill level 1 in Bows
  1423 | D:2      | Reached skill level 1 in Crossbows
  1423 | D:2      | Reached skill level 1 in Armour
  1423 | D:2      | Reached skill level 1 in Shields
  1423 | D:2      | Reached skill level 1 in Unarmed Combat
  1423 | D:2      | Reached XP level 4. HP: 32/32 MP: 4/8
  1747 | D:2      | You pick up a book of Frost and begin reading...
  1747 | D:2      | You add the spells Frozen Ramparts and Hailstorm to your
                  | library.
  1835 | D:2      | Reached skill level 3 in Spellcasting
  2025 | D:2      | Identified the +5 ring mail of a Gauntlet {rF+ Will+ rCorr
                  | Str+5}
  2042 | D:2      | Reached skill level 1 in Hexes
  2042 | D:2      | Reached skill level 1 in Summonings
  2042 | D:2      | Reached skill level 1 in Necromancy
  2042 | D:2      | Reached skill level 1 in Translocations
  2042 | D:2      | Reached skill level 1 in Transmutations
  2042 | D:2      | Reached skill level 1 in Fire Magic
  2042 | D:2      | Reached skill level 1 in Air Magic
  2042 | D:2      | Reached skill level 1 in Earth Magic
  2042 | D:2      | Reached skill level 1 in Poison Magic
  2709 | D:3      | You pick up a book of Changes and begin reading...
  2709 | D:3      | You add the spells Beastly Appendage, Wereblood and Spider
                  | Form to your library.
  2722 | D:3      | Noticed Ijyb
  2732 | D:3      | Killed Ijyb
  2733 | D:3      | Reached skill level 3 in Invocations
  2733 | D:3      | Reached XP level 5. HP: 37/37 MP: 2/9
  2887 | D:3      | Noticed Sigmund
  3055 | D:4      | Reached skill level 3 in Throwing
  3055 | D:4      | Reached skill level 3 in Dodging
  3055 | D:4      | Reached skill level 3 in Evocations
  3099 | D:4      | Offered knowledge of Inner Flame by Vehumet.
  3328 | D:4      | Reached XP level 6. HP: 32/44 MP: 5/10
  3464 | D:4      | Reached skill level 2 in Fighting
  3464 | D:4      | Reached skill level 2 in Short Blades
  3464 | D:4      | Reached skill level 2 in Long Blades
  3464 | D:4      | Reached skill level 2 in Axes
  3464 | D:4      | Reached skill level 2 in Maces & Flails
  3464 | D:4      | Reached skill level 2 in Polearms
  3464 | D:4      | Reached skill level 2 in Staves
  3464 | D:4      | Reached skill level 2 in Slings
  3464 | D:4      | Reached skill level 2 in Bows
  3464 | D:4      | Reached skill level 2 in Crossbows
  3464 | D:4      | Reached skill level 2 in Armour
  3464 | D:4      | Reached skill level 3 in Stealth
  3464 | D:4      | Reached skill level 2 in Shields
  3464 | D:4      | Reached skill level 2 in Unarmed Combat
  3833 | D:4      | Reached *** piety under Vehumet
  3855 | D:4      | Reached XP level 7. HP: 28/50 MP: 0/12
  4365 | D:5      | Entered Level 5 of the Dungeon
  4459 | D:5      | Reached skill level 2 in Hexes
  4459 | D:5      | Reached skill level 2 in Summonings
  4459 | D:5      | Reached skill level 2 in Necromancy
  4459 | D:5      | Reached skill level 2 in Translocations
  4459 | D:5      | Reached skill level 2 in Transmutations
  4459 | D:5      | Reached skill level 2 in Fire Magic
  4459 | D:5      | Reached skill level 3 in Ice Magic
  4459 | D:5      | Reached skill level 2 in Air Magic
  4459 | D:5      | Reached skill level 2 in Earth Magic
  4459 | D:5      | Reached skill level 2 in Poison Magic
  4634 | D:5      | Reached skill level 4 in Invocations
  4973 | D:5      | Reached skill level 4 in Spellcasting
  5033 | D:5      | Reached skill level 6 in Conjurations
  5033 | D:5      | Reached XP level 8. HP: 48/57 MP: 14/14
  5096 | D:5      | You add the spells Alistair's Intoxication, Borgnjor's Vile
                  | Clutch and Eringya's Noxious Bog to your library.
  5103 | D:5      | Learned a level 5 spell: Borgnjor's Vile Clutch
  5282 | D:5      | Reached skill level 3 in Fighting
  5282 | D:5      | Reached skill level 3 in Short Blades
  5282 | D:5      | Reached skill level 3 in Long Blades
  5282 | D:5      | Reached skill level 3 in Axes
  5282 | D:5      | Reached skill level 3 in Maces & Flails
  5282 | D:5      | Reached skill level 3 in Polearms
  5282 | D:5      | Reached skill level 3 in Staves
  5282 | D:5      | Reached skill level 3 in Slings
  5282 | D:5      | Reached skill level 3 in Bows
  5282 | D:5      | Reached skill level 3 in Crossbows
  5282 | D:5      | Reached skill level 4 in Throwing
  5282 | D:5      | Reached skill level 3 in Armour
  5282 | D:5      | Reached skill level 4 in Dodging
  5282 | D:5      | Reached skill level 3 in Shields
  5282 | D:5      | Reached skill level 3 in Unarmed Combat
  5282 | D:5      | Reached skill level 4 in Evocations
  5601 | D:5      | Reached skill level 4 in Stealth
  6082 | D:6      | Found a staircase to the Ecumenical Temple.
  6372 | D:6      | Reached skill level 3 in Hexes
  6372 | D:6      | Reached skill level 3 in Summonings
  6372 | D:6      | Reached skill level 3 in Necromancy
  6372 | D:6      | Reached skill level 3 in Translocations
  6372 | D:6      | Reached skill level 3 in Transmutations
  6372 | D:6      | Reached skill level 3 in Fire Magic
  6372 | D:6      | Reached skill level 3 in Air Magic
  6372 | D:6      | Reached skill level 3 in Earth Magic
  6372 | D:6      | Reached skill level 3 in Poison Magic
  6752 | D:7      | Noticed a yak
  6752 | D:7      | Noticed a yak
  6753 | D:7      | Noticed a yak
  6759 | D:7      | Noticed a yak
  6767 | D:7      | Killed a yak
  6767 | D:7      | Offered knowledge of Conjure Flame by Vehumet.
  6768 | D:7      | Reached skill level 5 in Invocations
  6768 | D:7      | Reached XP level 9. HP: 61/65 MP: 13/16
  7264 | D:7      | Reached skill level 4 in Fighting
  7264 | D:7      | Reached skill level 4 in Short Blades
  7264 | D:7      | Reached skill level 4 in Long Blades
  7264 | D:7      | Reached skill level 4 in Axes
  7264 | D:7      | Reached skill level 4 in Maces & Flails
  7264 | D:7      | Reached skill level 4 in Polearms
  7264 | D:7      | Reached skill level 4 in Staves
  7264 | D:7      | Reached skill level 4 in Slings
  7264 | D:7      | Reached skill level 4 in Bows
  7264 | D:7      | Reached skill level 4 in Crossbows
  7264 | D:7      | Reached skill level 4 in Armour
  7264 | D:7      | Reached skill level 4 in Shields
  7264 | D:7      | Reached skill level 4 in Unarmed Combat
  7264 | D:7      | Reached skill level 5 in Spellcasting
  7264 | D:7      | Reached skill level 4 in Ice Magic
  7558 | D:7      | Reached skill level 5 in Throwing
  7558 | D:7      | Reached skill level 5 in Dodging
  7558 | D:7      | Reached skill level 5 in Evocations
  7697 | D:7      | Found Vutiud's Neck Hole.
  7705 | D:7      | Bought a scarf of repulsion for 192 gold pieces
  7971 | D:7      | HP: 13/58 [wight/+0 dire flail (3)]
  8312 | D:7      | Reached skill level 5 in Stealth
  8596 | D:7      | Found a runed translucent door.
  8597 | D:7      | Noticed Crazy Yiuf
  8868 | D:8      | Noticed Joseph
  8878 | D:8      | Killed Joseph
  9117 | D:8      | Noticed a troll
  9119 | D:8      | Reached skill level 4 in Hexes
  9119 | D:8      | Reached skill level 4 in Summonings
  9119 | D:8      | Reached skill level 4 in Necromancy
  9119 | D:8      | Reached skill level 4 in Translocations
  9119 | D:8      | Reached skill level 4 in Transmutations
  9119 | D:8      | Reached skill level 4 in Fire Magic
  9119 | D:8      | Reached skill level 4 in Air Magic
  9119 | D:8      | Reached skill level 4 in Earth Magic
  9119 | D:8      | Reached skill level 4 in Poison Magic
  9119 | D:8      | Reached skill level 6 in Invocations
  9119 | D:8      | Reached XP level 10. HP: 44/73 MP: 18/18
  9125 | D:8      | Reached skill level 5 in Fighting
  9125 | D:8      | Reached skill level 5 in Short Blades
  9125 | D:8      | Reached skill level 5 in Long Blades
  9125 | D:8      | Reached skill level 5 in Axes
  9125 | D:8      | Reached skill level 5 in Maces & Flails
  9125 | D:8      | Reached skill level 5 in Polearms
  9125 | D:8      | Reached skill level 5 in Staves
  9125 | D:8      | Reached skill level 5 in Slings
  9125 | D:8      | Reached skill level 5 in Bows
  9125 | D:8      | Reached skill level 5 in Crossbows
  9125 | D:8      | Reached skill level 5 in Armour
  9125 | D:8      | Reached skill level 5 in Shields
  9125 | D:8      | Reached skill level 5 in Unarmed Combat
  9127 | D:8      | Reached skill level 7 in Conjurations
  9354 | D:8      | Found a staircase to the Lair.
  9388 | D:8      | Reached **** piety under Vehumet
  9493 | D:8      | Reached skill level 6 in Spellcasting
  9745 | D:8      | Reached skill level 6 in Throwing
  9745 | D:8      | Reached skill level 6 in Dodging
  9745 | D:8      | Reached skill level 6 in Evocations
  9798 | D:8      | Reached skill level 5 in Ice Magic
  9802 | D:8      | Noticed Erica
  9805 | D:8      | Offered knowledge of Flame Wave by Vehumet.
  9806 | D:8      | Reached skill level 6 in Stealth
  9816 | D:8      | Killed Erica
 10095 | D:8      | Noticed Maurice
 10103 | D:8      | Killed Maurice
 10215 | D:8      | Found a broken altar of Ashenzari.
 11105 | D:9      | Reached XP level 11. HP: 81/81 MP: 20/20
 11110 | D:9      | Reached skill level 7 in Invocations
 11437 | D:9      | Identified the +10 fustibalus of Cocytus {venom, rPois}
 11439 | D:9      | magus.rc [v1.11.3]
 11566 | D:9      | Reached skill level 6 in Fighting
 11566 | D:9      | Reached skill level 6 in Short Blades
 11566 | D:9      | Reached skill level 6 in Long Blades
 11566 | D:9      | Reached skill level 6 in Axes
 11566 | D:9      | Reached skill level 6 in Maces & Flails
 11566 | D:9      | Reached skill level 6 in Polearms
 11566 | D:9      | Reached skill level 6 in Staves
 11566 | D:9      | Reached skill level 6 in Slings
 11566 | D:9      | Reached skill level 6 in Bows
 11566 | D:9      | Reached skill level 6 in Crossbows
 11566 | D:9      | Reached skill level 6 in Armour
 11566 | D:9      | Reached skill level 6 in Shields
 11566 | D:9      | Reached skill level 6 in Unarmed Combat
 11572 | D:9      | Reached skill level 5 in Hexes
 11572 | D:9      | Reached skill level 5 in Summonings
 11572 | D:9      | Reached skill level 5 in Necromancy
 11572 | D:9      | Reached skill level 5 in Translocations
 11572 | D:9      | Reached skill level 5 in Transmutations
 11572 | D:9      | Reached skill level 5 in Fire Magic
 11572 | D:9      | Reached skill level 5 in Air Magic
 11572 | D:9      | Reached skill level 5 in Earth Magic
 11572 | D:9      | Reached skill level 5 in Poison Magic
 12250 | D:10     | Entered Level 10 of the Dungeon
 12315 | D:10     | You pick up a book of Hexes and begin reading...
 12315 | D:10     | You add the spells Inner Flame, Cause Fear and Discord to
                  | your library.
 12541 | D:10     | Identified the +9 hand axe of Contention {vorpal, Str+4}
 13169 | D:11     | Reached skill level 7 in Spellcasting
 13570 | D:11     | Noticed a two-headed ogre
 13588 | D:11     | Killed a two-headed ogre
 13589 | D:11     | Reached skill level 7 in Throwing
 13589 | D:11     | Reached skill level 7 in Dodging
 13589 | D:11     | Reached skill level 7 in Evocations
 13687 | D:11     | Found Qicwiamy's Antique Weapon Shop.
 13932 | D:12     | Noticed a two-headed ogre
 13932 | D:12     | Noticed a cyclops
 14035 | Lair:1   | Entered Level 1 of the Lair of Beasts
 14085 | Lair:1   | Reached skill level 7 in Stealth
 14190 | Lair:1   | Identified a scroll of acquirement
 14193 | Lair:1   | Acquired the Catalogue of the Destructive Birds
 14196 | Lair:1   | You add the spells Sticky Flame, Iskenderun's Mystic Blast,
                  | Freezing Cloud, Starburst and Iron Shot to your library.
 14879 | Lair:1   | Reached skill level 6 in Ice Magic
 14880 | Lair:1   | Reached ***** piety under Vehumet
 14963 | Lair:2   | Noticed a six-headed hydra
 15145 | Lair:1   | HP: 15/83 [dream sheep[a torpor snail] (10)]
 15467 | Lair:1   | Offered knowledge of Fireball by Vehumet.
 15477 | Lair:1   | Learned a level 5 spell: Fireball
 15496 | Lair:1   | Reached skill level 8 in Conjurations
 15496 | Lair:1   | Reached skill level 8 in Invocations
 15506 | Lair:1   | Reached XP level 12. HP: 50/89 MP: 23/23
 16038 | Lair:2   | Reached skill level 7 in Fighting
 16038 | Lair:2   | Reached skill level 7 in Short Blades
 16038 | Lair:2   | Reached skill level 7 in Long Blades
 16038 | Lair:2   | Reached skill level 7 in Axes
 16038 | Lair:2   | Reached skill level 7 in Maces & Flails
 16038 | Lair:2   | Reached skill level 7 in Polearms
 16038 | Lair:2   | Reached skill level 7 in Staves
 16038 | Lair:2   | Reached skill level 7 in Slings
 16038 | Lair:2   | Reached skill level 7 in Bows
 16038 | Lair:2   | Reached skill level 7 in Crossbows
 16038 | Lair:2   | Reached skill level 7 in Armour
 16038 | Lair:2   | Reached skill level 7 in Shields
 16038 | Lair:2   | Reached skill level 7 in Unarmed Combat
 16330 | Lair:2   | Noticed a death yak
 16335 | Lair:2   | Noticed a death yak
 16359 | Lair:2   | Killed a death yak
 16483 | Lair:2   | Noticed a death yak
 16483 | Lair:2   | Noticed a death yak
 16488 | Lair:2   | Noticed a death yak
 16493 | Lair:2   | Noticed a four-headed hydra
 16608 | Lair:1   | Killed a death yak
 16609 | Lair:1   | Reached skill level 6 in Hexes
 16609 | Lair:1   | Reached skill level 6 in Summonings
 16609 | Lair:1   | Reached skill level 6 in Necromancy
 16609 | Lair:1   | Reached skill level 6 in Translocations
 16609 | Lair:1   | Reached skill level 6 in Transmutations
 16609 | Lair:1   | Reached skill level 6 in Fire Magic
 16609 | Lair:1   | Reached skill level 6 in Air Magic
 16609 | Lair:1   | Reached skill level 6 in Earth Magic
 16609 | Lair:1   | Reached skill level 6 in Poison Magic
 16784 | Lair:1   | Killed a death yak
 16911 | Lair:1   | Killed a death yak
 17085 | Lair:1   | Killed a four-headed hydra
 17086 | Lair:1   | Reached skill level 8 in Spellcasting
 17291 | Lair:1   | Killed a death yak
 17509 | Lair:2   | Reached skill level 8 in Throwing
 17509 | Lair:2   | Reached skill level 8 in Dodging
 17509 | Lair:2   | Reached skill level 8 in Evocations
 17534 | Lair:2   | Killed a six-headed hydra
 17731 | Lair:2   | Reached skill level 8 in Stealth
 18385 | Lair:2   | Noticed a seven-headed hydra
 18422 | Lair:2   | HP: 19/92 [seven-headed hydra (6)]
 18422 | Lair:2   | HP: 6/92 [seven-headed hydra (6)]
 18424 | Lair:2   | Killed a seven-headed hydra
 18425 | Lair:2   | Reached skill level 9 in Invocations
 18888 | Lair:3   | Reached XP level 13. HP: 63/98 MP: 25/25
 18911 | Lair:3   | HP: 22/98 [cane toad (10)]
 19236 | Lair:3   | Reached skill level 7 in Ice Magic
 19299 | Lair:3   | Reached skill level 8 in Fighting
 19299 | Lair:3   | Reached skill level 8 in Short Blades
 19299 | Lair:3   | Reached skill level 8 in Long Blades
 19299 | Lair:3   | Reached skill level 8 in Axes
 19299 | Lair:3   | Reached skill level 8 in Maces & Flails
 19299 | Lair:3   | Reached skill level 8 in Polearms
 19299 | Lair:3   | Reached skill level 8 in Staves
 19299 | Lair:3   | Reached skill level 8 in Slings
 19299 | Lair:3   | Reached skill level 8 in Bows
 19299 | Lair:3   | Reached skill level 8 in Crossbows
 19299 | Lair:3   | Reached skill level 8 in Armour
 19299 | Lair:3   | Reached skill level 8 in Shields
 19299 | Lair:3   | Reached skill level 8 in Unarmed Combat
 19313 | Lair:3   | Offered knowledge of Irradiate by Vehumet.
 19328 | Lair:3   | HP: 14/98 [death yak (15)]
 21146 | Lair:4   | Found a staircase to the Snake Pit.
 21149 | Lair:4   | Found a staircase to the Swamp.
 21244 | Lair:4   | Reached skill level 9 in Conjurations
 21244 | Lair:4   | Reached skill level 7 in Hexes
 21244 | Lair:4   | Reached skill level 7 in Summonings
 21244 | Lair:4   | Reached skill level 7 in Necromancy
 21244 | Lair:4   | Reached skill level 7 in Translocations
 21244 | Lair:4   | Reached skill level 7 in Transmutations
 21244 | Lair:4   | Reached skill level 7 in Fire Magic
 21244 | Lair:4   | Reached skill level 7 in Air Magic
 21244 | Lair:4   | Reached skill level 7 in Earth Magic
 21244 | Lair:4   | Reached skill level 7 in Poison Magic
 21339 | Lair:4   | Reached skill level 9 in Spellcasting
 21761 | Lair:4   | Reached skill level 9 in Throwing
 21761 | Lair:4   | Reached skill level 9 in Dodging
 21761 | Lair:4   | Reached skill level 9 in Evocations
 21780 | Lair:4   | HP: 17/99 [meliai/divine providence (14)]
 21800 | Lair:4   | HP: 19/99 [killer bee (4)]
 21813 | Lair:4   | HP: 17/99 [yak (3)]
 21869 | Lair:4   | HP: 24/99 [death yak (7)]
 21880 | Lair:3   | HP: 7/99 [death yak (20)]
 21974 | Lair:3   | HP: 13/99 [death yak (19)]
 22024 | Lair:3   | HP: 6/99 [death yak (20)]
 22095 | Lair:3   | HP: 8/99 [death yak (16)]
 22178 | Lair:3   | HP: 23/99 [death yak (7)]
 22208 | Lair:3   | Reached skill level 9 in Stealth
 23012 | Lair:4   | You add the spells Ignite Poison and Mephitic Cloud to your
                  | library.
 23312 | Lair:4   | Reached skill level 10 in Invocations
 23333 | Lair:4   | Offered knowledge of Conjure Ball Lightning by Vehumet.
 23383 | Lair:4   | Reached XP level 14. HP: 44/106 MP: 27/27
 23390 | Lair:4   | Learned a level 6 spell: Eringya's Noxious Bog
 23965 | Lair:5   | HP: 23/106 [five-headed hydra (10)]
 24336 | Lair:5   | Found a runed translucent door.
 24337 | Lair:5   | Found a viscous altar of Jiyva.
 24339 | Lair:5   | Noticed an azure jelly
 24385 | Lair:5   | Found a staircase to the Slime Pits.
 24465 | Lair:4   | Reached skill level 9 in Fighting
 24465 | Lair:4   | Reached skill level 9 in Short Blades
 24465 | Lair:4   | Reached skill level 9 in Long Blades
 24465 | Lair:4   | Reached skill level 9 in Axes
 24465 | Lair:4   | Reached skill level 9 in Maces & Flails
 24465 | Lair:4   | Reached skill level 9 in Polearms
 24465 | Lair:4   | Reached skill level 9 in Staves
 24465 | Lair:4   | Reached skill level 9 in Slings
 24465 | Lair:4   | Reached skill level 9 in Bows
 24465 | Lair:4   | Reached skill level 9 in Crossbows
 24465 | Lair:4   | Reached skill level 9 in Armour
 24465 | Lair:4   | Reached skill level 9 in Shields
 24465 | Lair:4   | Reached skill level 9 in Unarmed Combat
 24905 | Lair:5   | Found a shadowy altar of Dithmenos.
 25367 | Lair:5   | Reached skill level 8 in Ice Magic
 25672 | Lair:6   | Entered Level 6 of the Lair of Beasts
 26154 | Lair:6   | HP: 6/108 [komodo dragon (25)]
 26155 | Lair:6   | Slain by a rime drake

Vanquished Creatures
  A boulder beetle (Lair:5)
  Erica (D:8)
  5 hydras
  A two-headed ogre (D:11)
  12 death yaks
  A sea snake (Lair:5)
  A harpy (Lair:6)
  A lindwurm (Lair:4)
  2 oklob plants (Lair:5)
  Joseph (D:8)
  12 elephants
  Maurice (D:8)
  A black mamba (Lair:4)
  A torpor snail (Lair:1)
  A guardian serpent (Lair:4)
  15 cane toads
  2 komodo dragons
  7 rime drakes
  3 meliai (Lair:4)
  A queen bee (Lair:4)
  3 trolls
  A polar bear (Lair:5)
  2 hornets
  3 dream sheep (Lair:1)
  11 blink frogs
  A shadow (D:11)
  A wraith (D:10)
  44 yaks
  3 basilisks
  4 wyverns (Lair:4)
  3 steam dragons
  2 acid dragons (D:10)
  14 water moccasins
  A sky beast (D:6)
  A black bear (D:6)
  4 ogres
  An orc warrior (D:8)
  4 centaurs
  25 wolves
  A phantom (D:4)
  4 kobold brigands
  17 bullfrogs
  2 scorpions (D:6)
  7 wights
  36 killer bees
  An electric eel (D:8)
  6 howler monkeys
  11 hounds
  6 orc priests
  3 jellies
  A gnoll shaman (D:4)
  4 iguanas
  Ijyb (D:3)
  4 orc wizards
  A hell rat (Lair:4)
  9 adders
  3 gnolls (D:4)
  A river rat (Lair:4)
  A shadow imp (D:7)
  A white imp (D:7)
  An ufetubus (D:4)
  A worm (D:2)
  3 dart slugs
  11 orcs
  5 bats
  6 endoplasms
  6 giant cockroaches
  6 goblins
  6 hobgoblins
  11 kobolds
  3 quokkas
  9 ball pythons
  3 frilled lizards
  3 rats (D:1)
392 creatures vanquished.

Vanquished Creatures (others)
  A blink frog (Lair:4)
  A steam dragon (D:8)
  41 fungi
  49 plants
92 creatures vanquished.

Grand Total: 484 creatures vanquished

Table legend:
 A = Non-vault XP
 B = Vault XP
 C = Vault XP percentage of total XP
 D = Non-vault monster count
 E = Vault monster count
 F = Vault count percentage of total count
                 A         B        C        D         E       F
            +---------+---------+-------+---------+---------+-------
      Total |   49533 |   19068 |  27.8 |     293 |     101 |  25.6
            +---------+---------+-------+---------+---------+-------
        D:1 |      49 |       0 |   0.0 |      29 |       0 |   0.0
        D:2 |      94 |       0 |   0.0 |      17 |       0 |   0.0
        D:3 |       6 |      41 |  87.2 |       4 |       4 |  50.0
        D:4 |     445 |       0 |   0.0 |      22 |       0 |   0.0
        D:5 |     981 |       0 |   0.0 |      16 |       0 |   0.0
        D:6 |     832 |       0 |   0.0 |       9 |       0 |   0.0
        D:7 |    1166 |       0 |   0.0 |      13 |       0 |   0.0
        D:8 |    1767 |    3870 |  68.7 |      21 |      27 |  56.2
        D:9 |    1795 |       0 |   0.0 |      11 |       0 |   0.0
       D:10 |    2163 |       0 |   0.0 |      19 |       0 |   0.0
       D:11 |    1457 |       0 |   0.0 |       8 |       0 |   0.0
     Lair:1 |    7674 |    1440 |  15.8 |      28 |       6 |  17.6
     Lair:2 |    8895 |       0 |   0.0 |      23 |       0 |   0.0
     Lair:3 |    7283 |    1260 |  14.7 |      15 |       2 |  11.8
     Lair:4 |    5404 |   10128 |  65.2 |      25 |      57 |  69.5
     Lair:5 |    8909 |    1221 |  12.1 |      27 |       2 |   6.9
     Lair:6 |     613 |    1108 |  64.4 |       6 |       3 |  33.3
            +---------+---------+-------+---------+---------+-------

Illustrated notes

Table legend:
 A = Kills in this place as a percentage of kills in entire the game.
 B = Kills by you in this place as a percentage of kills by you in the entire game.
 C = Kills by friends in this place as a percentage of kills by friends in the entire game.
 D = Other kills in this place as a percentage of other kills in the entire game.
 E = Experience gained in this place as a percentage of experience gained in the entire game.
 F = Experience gained in this place divided by the number of levels of this place that you have seen.
                   A       B       C       D       E      F
               +-------+-------+-------+-------+-------+----------------------
         Total | 100.0 | 100.0 |   N/A | 100.0 | 100.0 | 3811.2
       Dungeon |  50.8 |  50.8 |   N/A |  50.0 |  21.4 | 1222.2
          Lair |  49.2 |  49.2 |   N/A |  50.0 |  78.6 | 8989.2
               +-------+-------+-------+-------+-------+----------------------

Table legend: (Time is in decaauts)
 A = Elapsed time spent in this place.
 B = Non-inter-level travel time spent in this place.
 C = Inter-level travel time spent in this place.
 D = Time resting spent in this place.
 E = Time spent auto-exploring this place.
 F = Levels seen in this place.
 G = Mean time per level.
                   A        B        C        D        E       F      G
               +--------+--------+--------+--------+--------+-----+--------+
         Total |  26481 |  25689 |    792 |   5457 |  16047 |  18 | 1471.2 |
       Dungeon |  14096 |  13732 |    364 |   1441 |  10447 |  12 | 1174.7 |
          Lair |  12385 |  11957 |    428 |   4015 |   5600 |   6 | 2064.2 |
               +--------+--------+--------+--------+--------+-----+--------+

Top non-repeatable levels by time:
  Lair:1: 3099 daAuts
  Lair:4: 3049 daAuts
  Lair:2: 2672 daAuts
     D:8: 2225 daAuts
  Lair:5: 1983 daAuts
     D:4: 1662 daAuts
     D:7: 1658 daAuts
     D:6: 1519 daAuts
  Lair:3: 1502 daAuts
     D:1: 1290 daAuts
     D:9: 1222 daAuts
     D:2: 1164 daAuts
     D:5: 1144 daAuts
    D:10: 945 daAuts
    D:11: 811 daAuts
